 Dungeon Crawl Stone Soup version 0.20-a0-151-g755e310 (webtiles) character file.

103 KristoblXynda the Shield-Bearer (level 4, -3/57 HPs)
             Began as a Draconian Fighter on Nov 22, 2016.
             Was a Follower of Makhleb.
             Slain by a goblin
             ... wielding a +0 club
             ... led by Robin
              (4 damage)
             ... on level 4 of the Dungeon.
             The game lasted 00:04:14 (2230 turns).

KristoblXynda the Shield-Bearer (Draconian Fighter) Turns: 2230, Time: 00:04:15

Health: -3/57      AC:  6    Str: 22 (23) XL:     4   Next: 51%
Magic:  4/4        EV: 10    Int:  2 (3)  God:    Makhleb [*.....]
Gold:   192        SH:  9    Dex:  8 (11) Spells: 3/3 levels left

rFire  . . .     SeeInvis .     a - +0 long sword
rCold  . . .     Gourm    .     (armour unavailable)
rNeg   . . .     Faith    .     b - +0 shield
rPois  .         Spirit   .     (helmet restricted)
rElec  .         Reflect  .     s - +0 cloak
rCorr  .         Harm     .     (no gloves)
MR     .....     Rnd*Tele +     (no boots)
Stlth  ..........               n - amulet of magic regeneration
                                g - -6 ring of intelligence (curse)
                                j - ring of teleportation (curse)

@: berserking (expiring), very quick
A: unfitting armour, cold-blooded, AC +5
a: Renounce Religion


You were on level 4 of the Dungeon.
You worshipped Makhleb.
Makhleb was aware of your devotion.
You were not hungry.

You visited 1 branch of the dungeon, and saw 4 of its levels.

You collected 192 gold pieces.

Inventory:

Hand Weapons
 a - a +0 long sword (weapon)
Armour
 b - a +0 shield (worn)
 s - a +0 cloak (worn)
Jewellery
 g - a cursed -6 ring of intelligence (right hand)
 j - a cursed ring of teleportation (left hand)
 n - an amulet of magic regeneration (around neck)
 w - an uncursed ring of protection from fire {unknown}
Potions
 c - a potion of might
 e - a potion of haste {unknown}
 f - a potion of berserk rage
 i - a potion of heal wounds
 k - 2 potions of magic
 l - a potion of curing
 q - a potion of brilliance {unknown}
 u - a potion of resistance {unknown}
Books
 h - Sif Muna's Handbook of Poisoning
   (You found it on level 3 of the Dungeon)

   Spells                             Type                      Level
   a - Sting                          Conjuration/Poison           1
Comestibles
 d - 2 bread rations
 m - 2 chunks of flesh
 o - a beef jerky
 x - a meat ration


   Skills:
 - Level 3.2 Fighting
 + Level 3.1 Long Blades
 + Level 3.4 Dodging
 + Level 4.0 Shields


You had 3 spell levels left.
You didn't know any spells.

Dungeon Overview and Level Annotations

Branches:
Dungeon (4/15)
 Temple: D:4-7

Altars:
Dithmenos
Elyvilon
Gozag
Hepliaklqana
Makhleb
Okawaru
Sif Muna
Zin

Annotations:
D:4 Robin; mopl's ghost, amateur FeEn


Innate Abilities, Weirdness & Mutations

Your plain brown scales are hard. (AC +5)
You cannot fit into any form of body armour.
You are cold-blooded and may be slowed by cold attacks.


Message History

Mopl's ghost is moderately damaged.
You block the goblin's attack. The hobgoblin closely misses you.
You riposte.
Your shield prevents you from hitting the hobgoblin.
The goblin hits you with a dagger.
* * * LOW HITPOINT WARNING * * *
The goblin barely misses you.
You riposte.
You slash the goblin!
You kill the goblin!
Makhleb accepts your kill. Mopl's ghost misses you.
The goblin closely misses you.
You miss mopl's ghost.
Mopl's ghost is moderately damaged.
The goblin hits you but does no damage. The hobgoblin hits you with a club.
* * * LOW HITPOINT WARNING * * *
The goblin hits you but does no damage. The worm barely misses you.
Mopl's ghost hits you!
* * * LOW HITPOINT WARNING * * *
You miss mopl's ghost.
Mopl's ghost is moderately damaged.
The goblin hits you with a club.
You die...

#.....(....##
............####
...............g
..............g. ##
#...........g... .#
##... #.$.....g#. .
.......####.g####$..
......##..wWg......
..........†@ggg.##
.........)ggZ.....
###...###.####......
#####........<##
......
...............#
.....
######......$...
..... #..........
.... #####....##
.... ...##


You could see a worm, Robin, mopl's ghost, 2 hobgoblins, 4 goblins and a hound
skeleton.

Vanquished Creatures
  An orc wizard (D:3)
  3 adders (D:2)
  An ooze (D:1)
  A dart slug (D:1)
  4 leopard geckos
  5 orcs (D:3)
  A ball python (D:1)
  5 giant cockroaches
  8 goblins
  4 hobgoblins
  3 jackals (D:2)
  10 bats
  4 frilled lizards
  A kobold (D:1)
  6 rats
57 creatures vanquished.

Vanquished Creatures (others)
  An orc wizard (D:3)
1 creature vanquished.

Grand Total: 58 creatures vanquished

Notes
Turn   | Place    | Note
-------+----------+-------------------------------------------
     0 | D:1      | KristoblXynda the Draconian Fighter began the quest for the Orb.
     0 | D:1      | Reached XP level 1. HP: 19/19 MP: 1/1
   160 | D:1      | Reached XP level 2. HP: 25/26 MP: 2/2
   526 | D:1      | Reached XP level 3. HP: 31/31 MP: 3/3
  1085 | D:2      | Noticed a cacodemon
  1086 | D:2      | Found a burning altar of Makhleb.
  1090 | D:2      | Found a glowing silver altar of Zin.
  1090 | D:2      | Noticed an angel
  1096 | D:2      | Became a worshipper of Makhleb the Destroyer
  1140 | D:2      | Found a shadowy altar of Dithmenos.
  1140 | D:2      | Found an iron altar of Okawaru.
  1162 | D:2      | Found a hazy altar of Hepliaklqana.
  1164 | D:2      | Found a white marble altar of Elyvilon.
  1166 | D:2      | Found an opulent altar of Gozag.
  1225 | D:2      | Reached XP level 4. HP: 36/38 MP: 4/4
  1731 | D:3      | Reached * piety under Makhleb
  1731 | D:3      | Reached skill level 4 in Shields
  1992 | D:3      | Found a deep blue altar of Sif Muna.
  2129 | D:3      | Identified Sif Muna's Handbook of Poisoning
  2210 | D:4      | Noticed mopl's ghost (amateur FeEn)
  2221 | D:4      | Noticed Robin
  2229 | D:4      | HP: 1/57 [mopl's ghost (7)]
  2230 | D:4      | Slain by a goblin

Vault maps used:
D:1:      kennysheep_arrival_seaside
D:2:      grunt_temple_overflow_order_and_chaos_2,
          chequers_temple_overflow_minitemple, first_bread
D:3:      led_sif_book
D:4:      gup_sewer_entry_bubbles, uniq_sigmund, uniq_robin, uniq_natasha

Skill      XL: |  1  2  3  4 |
---------------+-------------+-----
Dodging        | 3 |  3.4
Long Blades    | 3 |  3.1
Shields        | 4 |  4.0
Fighting       | |  3.2

Action                   |  1- 3 |  4- 6 || total
-------------------------+-------+-------++-------
Melee: Long sword        |   108 |    63 ||   171
       Tailslap          |    10 |    12 ||    22
  Use: Scroll            |     6 |     3 ||     9
       Potion            |       |     6 ||     6
 Stab: Sleeping          |     1 |       ||     1
  Eat: Chunk             |     1 |     2 ||     3
       Pizza             |       |     1 ||     1
Armor: Skin              |    34 |    28 ||    62
Dodge: Dodged            |    49 |    49 ||    98
Block: Shield            |    60 |    39 ||    99
       Rpst.: Long sword |    21 |    15 ||    36
